Map: Orbital Shipyard

Players

Kozan - Winner!

  • Race: Terran Terran
  • League: Master

xKawaiian

  • Race: Terran Terran
  • League: Master

VOD

Have the link to the VOD?

Description

Time

  • Played on: Jan. 13, 2016, 9:16 p.m.
  • Length: 4:57
Show
View Real Time Build Order
Export as new Build Order

Kozan Terran - Winner!

Build Orders: 1/1/1, Banshee Rush 

Get SALT Encoding   

  12  0:01  SCV  
  13  0:13  SCV  
  14  0:17  Supply Depot  
  14  0:25  SCV  
  15  0:28  Refinery  
  15  0:39  SCV  
  16  0:45  Barracks  
  16  0:51  SCV  
  17  1:03  SCV  
  18  1:15  SCV  
  19  1:31  Orbital Command  
  19  1:32  Marine  
  20  1:34  Factory  
  20  1:35  Refinery  
  20  1:49  Marine  
  20  1:57  SCV  
  21  2:03  Supply Depot  
  21  2:08  Barracks Tech Lab  
  21  2:13  SCV  
  22  2:18  Starport  
  22  2:25  SCV, Hellion  
  25  2:31  Supply Depot  
  26  2:37  SCV  
  26  2:43  Marine  
  27  2:49  SCV  
  28  2:57  Factory Tech Lab  
  28  3:01  SCV, Marine  
  28  3:04  Banshee, Cloaking Field  
  33  3:14  Supply Depot, SCV  
  33  3:19  Siege Tank  
  37  3:26  SCV  
  38  3:28  Marine  
  39  3:38  Supply Depot  
  39  3:40  SCV  
  38  3:56  Siege Tank  
  38  3:58  Viking  
  43  4:04  Marine  
  43  4:09  SCV  
  45  4:11  Supply Depot  
  45  4:22  Marine  
Show
View Real Time Build Order
Export as new Build Order

xKawaiian Terran 

Build Orders: 1/1/1, Cyclone Opening 

Get SALT Encoding   

  12  0:01  SCV  
  13  0:13  SCV  
  14  0:18  Supply Depot  
  14  0:25  SCV  
  15  0:39  SCV  
  15  0:41  Barracks  
  16  0:48  Refinery  
  16  0:51  SCV  
  16  0:54  Refinery  
  17  1:03  SCV  
  18  1:15  SCV  
  19  1:28  Marine  
  19  1:29  Orbital Command  
  20  1:36  Factory  
  20  1:41  Supply Depot  
  20  1:46  Marine  
  21  1:55  SCV  
  22  2:04  Marine  
  22  2:08  SCV  
  24  2:20  Factory Tech Lab  
  24  2:21  Starport  
  24  2:22  SCV, Marine  
  26  2:28  Supply Depot  
  26  2:34  SCV  
  27  2:40  Cyclone, Marine  
  31  2:50  SCV  
  32  2:57  Supply Depot, Medivac  
  32  2:58  Marine  
  34  3:02  SCV  
  36  3:12  Siege Tank  
  39  3:19  SCV, Liberator, Marine  
  41  3:22  Supply Depot  
  41  3:36  Marine  
  46  3:52  Command Center  
  46  3:53  SCV  
  46  3:59  Marine  
  47  4:09  Supply Depot  
  48  4:10  Siege Tank  
  50  4:17  Barracks, Marine  
  50  4:21  SCV  
  52  4:33  SCV  
  52  4:35  Marine  
  43  4:46  Engineering Bay  
Tags
 
Add a new tag
Caveats
  • Supply blocks, unpowered buildings, or Contaminate may cause inaccurate times.
  • Supply counts are checked every 10 seconds.